3189 views
Uploaded 2020-06-22 15:13:54
Game version 1.32.6 / 1.32.7
6:12 long 4on4 custom game on (8)GolemsInTheMist_LV
Game name "W3Champions-s1-20-191835"
Saved by Cacxa26
3189 views
Uploaded 2020-06-22 15:13:54
Game version 1.32.6 / 1.32.7
6:12 long 4on4 custom game on (8)GolemsInTheMist_LV
Game name "W3Champions-s1-20-191835"

69 units @ 5.9k
/ 0.2k
41 buildings @ 6.4k
/ 2.6k

| Peasant | 10 | 750 | / | 0 |
| Footman | 9 | 1215 | / | 0 |
| total: | 19 | 1965g | / | 0w |
| Altar of Kings | 2 | 360 | / | 100 |
| Barracks | 2 | 320 | / | 120 |
| Farm | 5 | 400 | / | 100 |
| Blacksmith | 1 | 140 | / | 60 |
| total: | 10 | 1220g | / | 380w |
| 0:07 | Peasant |
| 0:07 | Peasant |
| 0:10 | Altar of Kings |
| 0:17 | Altar of Kings |
| 0:27 | Barracks |
| 0:45 | Peasant |
| 0:47 | Farm |
| 0:49 | Peasant |
| 1:02 | Farm |
| 1:05 | Peasant |
| 1:11 | Peasant |
| 1:19 | Peasant |
| 1:25 | Peasant |
| 1:32 | Footman |
| 1:50 | Peasant |
| 1:53 | Footman |
| 1:58 | Barracks |
| 2:10 | Footman |
| 2:19 | Farm |
| 2:22 | Flame Strike |
| 2:39 | Peasant |
| 2:40 | Farm |
| 2:56 | Footman |
| 3:06 | Footman |
| 3:33 | Footman |
| 3:35 | Farm |
| 3:57 | Siphon Mana |
| 4:14 | Footman |
| 4:17 | Blacksmith |
| 4:48 | Footman |
| 5:12 | Footman |
| 5:16 | Iron Forged Swords |
| 6:02 | Flame Strike |
| Select group | 249 |
| Right click | 189 |
| Select | 98 |
| Chat | 33 |
| Assign group | 32 |
| Build/train/purchase | 27 |
| Misc. action | 11 |
| Use ability | 4 |
| Remove unit | 3 |

| Wisp | 25 | 1500 | / | 0 |
| Archer | 1 | 130 | / | 10 |
| Goblin Shredder | 1 | 375 | / | 100 |
| total: | 27 | 2005g | / | 110w |
| Altar of Elders | 1 | 180 | / | 50 |
| Moon Well | 5 | 900 | / | 200 |
| Ancient of War | 1 | 150 | / | 60 |
| Tree of Life | 1 | 340 | / | 185 |
| Ancient of Wonders | 2 | 180 | / | 60 |
| Hunter's Hall | 1 | 210 | / | 100 |
| Ancient of Lore | 2 | 310 | / | 290 |
| Tree of Ages | 1 | 320 | / | 180 |
| total: | 13 | 2270g | / | 945w |
| 0:01 | Wisp |
| 0:04 | Altar of Elders |
| 0:08 | Wisp |
| 0:15 | Moon Well |
| 0:15 | Moon Well |
| 0:21 | Ancient of War |
| 0:30 | Wisp |
| 0:30 | Wisp |
| 0:30 | Wisp |
| 0:37 | Wisp |
| 0:37 | Wisp |
| 0:37 | Wisp |
| 0:46 | Wisp |
| 0:57 | Wisp |
| 1:09 | Wisp |
| 1:22 | Archer |
| 1:33 | Moon Well |
| 1:34 | Wisp |
| 1:48 | Wisp |
| 1:51 | Wisp |
| 1:58 | Moon Well |
| 2:03 | Force of Nature |
| 2:24 | Wisp |
| 2:54 | Tree of Life |
| 2:55 | Wisp |
| 2:58 | Thorns Aura |
| 3:06 | Wisp |
| 3:23 | Wisp |
| 3:31 | Tree of Ages |
| 3:46 | Ancient of Wonders |
| 3:56 | Hunter's Hall |
| 4:14 | Moon Well |
| 4:55 | Force of Nature |
| 4:57 | Wisp |
| 4:57 | Wisp |
| 4:57 | Wisp |
| 4:58 | Wisp |
| 4:58 | Wisp |
| 5:01 | Ancient of Wonders |
| 5:01 | Ultravision |
| 5:41 | Goblin Shredder |
| 5:59 | Wisp |
| 5:59 | Wisp |
| 6:01 | Ancient of Lore |
| 6:02 | Ancient of Lore |
| Select group | 620 |
| Right click | 356 |
| Select | 281 |
| Misc. action | 134 |
| Assign group | 85 |
| Build/train/purchase | 43 |
| Use ability | 18 |
| Esc | 2 |
| Item give/drop | 1 |


| Wisp | 9 | 540 | / | 0 |
| Archer | 6 | 780 | / | 60 |
| total: | 15 | 1320g | / | 60w |
| Altar of Elders | 1 | 180 | / | 50 |
| Moon Well | 3 | 540 | / | 120 |
| Ancient of War | 1 | 150 | / | 60 |
| Hunter's Hall | 1 | 210 | / | 100 |
| Ancient of Wonders | 1 | 90 | / | 30 |
| Ancient of Lore | 2 | 310 | / | 290 |
| Tree of Ages | 2 | 640 | / | 360 |
| total: | 9 | 1480g | / | 650w |
| 0:02 | Wisp |
| 0:04 | Altar of Elders |
| 0:07 | Moon Well |
| 0:14 | Wisp |
| 0:30 | Ancient of War |
| 0:32 | Wisp |
| 0:42 | Wisp |
| 0:48 | Wisp |
| 0:58 | Wisp |
| 1:11 | Wisp |
| 1:16 | Wisp |
| 1:31 | Archer |
| 1:36 | Moon Well |
| 1:44 | Wisp |
| 2:03 | Force of Nature |
| 2:33 | Hunter's Hall |
| 2:55 | Moon Well |
| 3:14 | Archer |
| 3:14 | Archer |
| 3:16 | Tree of Ages |
| 3:29 | Entangling Roots |
| 3:30 | Archer |
| 3:40 | Ultravision |
| 4:00 | Archer |
| 4:03 | Ancient of Wonders |
| 5:32 | Archer |
| 5:46 | Frost Arrows |
| 5:55 | Ancient of Lore |
| 5:57 | Ancient of Lore |
| Right click | 343 |
| Select group | 305 |
| Select | 115 |
| Build/train/purchase | 35 |
| Assign group | 32 |
| Use ability | 17 |
| Misc. action | 5 |
| Chat | 5 |
| Minimap ping | 1 |


| Healing Salve | 1 | 100 |
| Lesser Clarity Potion | 3 | 210 |
| Scroll of Speed | 1 | 50 |
| Circlet of Nobility | 1 | 175 |
| total: | 6 | 535g |
| Peon | 8 | 600 | / | 0 |
| total: | 8 | 600g | / | 0w |
| Altar of Storms | 1 | 180 | / | 50 |
| Orc Burrow | 3 | 480 | / | 120 |
| Voodoo Lounge | 1 | 130 | / | 30 |
| War Mill | 1 | 205 | / | 0 |
| Beastiary | 3 | 435 | / | 420 |
| Stronghold | 1 | 315 | / | 190 |
| total: | 9 | 1430g | / | 620w |
| 0:02 | Peon |
| 0:03 | Peon |
| 0:03 | Peon |
| 0:10 | Altar of Storms |
| 0:13 | Orc Burrow |
| 0:49 | Peon |
| 0:49 | Peon |
| 0:50 | Peon |
| 1:18 | Peon |
| 1:23 | Voodoo Lounge |
| 1:30 | Peon |
| 2:07 | Stronghold |
| 2:13 | Wind Walk |
| 2:24 | Circlet of Nobility |
| 2:29 | Healing Salve |
| 2:29 | Lesser Clarity Potion |
| 2:29 | Lesser Clarity Potion |
| 2:30 | Scroll of Speed |
| 3:26 | War Mill |
| 3:28 | Orc Burrow |
| 3:56 | Orc Burrow |
| 4:39 | Beastiary |
| 4:39 | Beastiary |
| 4:39 | Beastiary |
| 5:08 | Lesser Clarity Potion |
| 5:47 | Hex |
| Right click | 308 |
| Select | 94 |
| Select group | 71 |
| Assign group | 41 |
| Build/train/purchase | 29 |
| Use ability | 2 |
| Minimap ping | 2 |
/ 0.2k
42 buildings @ 6.3k
/ 2.2k

| Peasant | 10 | 750 | / | 0 |
| Footman | 5 | 675 | / | 0 |
| Rifleman | 1 | 205 | / | 30 |
| total: | 16 | 1630g | / | 30w |
| Scout Tower | 1 | 30 | / | 20 |
| Arcane Tower | 1 | 70 | / | 50 |
| Altar of Kings | 1 | 180 | / | 50 |
| Farm | 5 | 400 | / | 100 |
| Barracks | 1 | 160 | / | 60 |
| Lumber Mill | 3 | 360 | / | 0 |
| Blacksmith | 1 | 140 | / | 60 |
| Arcane Vault | 1 | 130 | / | 30 |
| Arcane Sanctum | 1 | 150 | / | 140 |
| Workshop | 1 | 140 | / | 140 |
| Keep | 1 | 320 | / | 210 |
| total: | 15 | 1690g | / | 600w |
| 0:01 | Peasant |
| 0:01 | Peasant |
| 0:05 | Altar of Kings |
| 0:18 | Farm |
| 0:20 | Barracks |
| 0:27 | Peasant |
| 0:38 | Peasant |
| 0:53 | Peasant |
| 0:55 | Farm |
| 1:21 | Footman |
| 1:29 | Peasant |
| 1:34 | Footman |
| 1:37 | Farm |
| 1:43 | Peasant |
| 1:59 | Footman |
| 2:03 | Peasant |
| 2:06 | Summon Water Elemental |
| 2:24 | Footman |
| 2:25 | Peasant |
| 2:49 | Peasant |
| 2:50 | Footman |
| 2:53 | Farm |
| 3:09 | Scout Tower |
| 3:26 | Keep |
| 3:48 | Arcane Tower |
| 3:49 | Brilliance Aura |
| 4:04 | Lumber Mill |
| 4:07 | Blacksmith |
| 4:10 | Lumber Mill |
| 4:14 | Lumber Mill |
| 4:37 | Defend |
| 4:39 | Farm |
| 5:19 | Arcane Vault |
| 6:03 | Arcane Sanctum |
| 6:05 | Workshop |
| 6:07 | Rifleman |
| Select group | 440 |
| Right click | 293 |
| Select | 77 |
| Build/train/purchase | 37 |
| Assign group | 15 |
| Minimap ping | 9 |
| Misc. action | 3 |
| Esc | 1 |

| Wisp | 9 | 540 | / | 0 |
| Archer | 7 | 910 | / | 70 |
| total: | 16 | 1450g | / | 70w |
| Altar of Elders | 1 | 180 | / | 50 |
| Moon Well | 4 | 720 | / | 160 |
| Ancient of War | 2 | 300 | / | 120 |
| Hunter's Hall | 1 | 210 | / | 100 |
| Ancient of Wonders | 1 | 90 | / | 30 |
| Tree of Ages | 1 | 320 | / | 180 |
| total: | 9 | 1500g | / | 460w |
| 0:01 | Wisp |
| 0:02 | Wisp |
| 0:07 | Altar of Elders |
| 0:16 | Moon Well |
| 0:26 | Wisp |
| 0:31 | Ancient of War |
| 0:33 | Ancient of War |
| 0:37 | Wisp |
| 0:41 | Wisp |
| 0:50 | Wisp |
| 1:25 | Moon Well |
| 1:29 | Wisp |
| 1:34 | Archer |
| 1:49 | Moon Well |
| 1:55 | Archer |
| 2:05 | Force of Nature |
| 2:10 | Archer |
| 2:22 | Wisp |
| 2:25 | Wisp |
| 2:40 | Archer |
| 3:03 | Tree of Ages |
| 3:35 | Archer |
| 3:41 | Hunter's Hall |
| 3:49 | Entangling Roots |
| 4:06 | Ancient of Wonders |
| 4:48 | Archer |
| 5:04 | Ultravision |
| 5:07 | Moon Well |
| 6:02 | Improved Bows |
| 6:03 | Archer |
| Right click | 297 |
| Select group | 180 |
| Select | 130 |
| Misc. action | 50 |
| Assign group | 32 |
| Build/train/purchase | 27 |
| Use ability | 11 |
| Minimap ping | 5 |
| Chat | 4 |

| Wisp | 15 | 900 | / | 0 |
| Archer | 1 | 130 | / | 10 |
| total: | 16 | 1030g | / | 10w |
| Altar of Elders | 3 | 540 | / | 150 |
| Moon Well | 3 | 540 | / | 120 |
| Ancient of War | 1 | 150 | / | 60 |
| Hunter's Hall | 1 | 210 | / | 100 |
| Ancient of Wonders | 1 | 90 | / | 30 |
| Tree of Ages | 1 | 320 | / | 180 |
| total: | 9 | 1530g | / | 460w |
| 0:02 | Wisp |
| 0:02 | Wisp |
| 0:02 | Wisp |
| 0:06 | Altar of Elders |
| 0:07 | Altar of Elders |
| 0:10 | Altar of Elders |
| 0:19 | Moon Well |
| 0:31 | Ancient of War |
| 0:41 | Wisp |
| 0:52 | Wisp |
| 0:53 | Wisp |
| 1:08 | Wisp |
| 1:08 | Wisp |
| 1:31 | Moon Well |
| 1:33 | Archer |
| 1:46 | Wisp |
| 2:08 | Force of Nature |
| 2:21 | Moon Well |
| 2:39 | Entangling Roots |
| 2:48 | Wisp |
| 3:13 | Wisp |
| 3:13 | Wisp |
| 3:31 | Wisp |
| 3:31 | Wisp |
| 3:32 | Hunter's Hall |
| 3:35 | Ancient of Wonders |
| 4:03 | Wisp |
| 4:37 | Tree of Ages |
| 6:12 | Ultravision |
| Select group | 1019 |
| Right click | 642 |
| Select | 129 |
| Misc. action | 46 |
| Use ability | 33 |
| Build/train/purchase | 22 |
| Assign group | 16 |
| Minimap ping | 1 |

| Wisp | 13 | 780 | / | 0 |
| Archer | 7 | 910 | / | 70 |
| total: | 20 | 1690g | / | 70w |
| Altar of Elders | 1 | 180 | / | 50 |
| Moon Well | 3 | 540 | / | 120 |
| Ancient of War | 2 | 300 | / | 120 |
| Hunter's Hall | 1 | 210 | / | 100 |
| Ancient of Lore | 2 | 310 | / | 290 |
| Tree of Ages | 1 | 320 | / | 180 |
| total: | 9 | 1540g | / | 680w |
| 0:01 | Wisp |
| 0:01 | Wisp |
| 0:05 | Altar of Elders |
| 0:16 | Moon Well |
| 0:23 | Ancient of War |
| 0:31 | Wisp |
| 0:31 | Wisp |
| 0:41 | Wisp |
| 0:55 | Wisp |
| 1:00 | Wisp |
| 1:12 | Wisp |
| 1:29 | Archer |
| 1:34 | Moon Well |
| 1:41 | Wisp |
| 1:41 | Wisp |
| 2:06 | Force of Nature |
| 2:21 | Hunter's Hall |
| 2:38 | Wisp |
| 2:41 | Entangling Roots |
| 2:47 | Wisp |
| 2:57 | Ancient of War |
| 3:25 | Tree of Ages |
| 3:44 | Moon Well |
| 4:08 | Archer |
| 4:08 | Archer |
| 4:45 | Archer |
| 4:57 | Archer |
| 5:23 | Archer |
| 5:49 | Ancient of Lore |
| 5:51 | Ancient of Lore |
| 6:01 | Archer |
| 6:10 | Wisp |
| Right click | 454 |
| Select group | 352 |
| Assign group | 120 |
| Select | 110 |
| Use ability | 35 |
| Build/train/purchase | 29 |
| Misc. action | 3 |
⇛